 Dungeon Sprint DCSS version 0.21-a0-528-gf531e82 (webtiles) character file.

121 pasperui the Insei (level 5, -14/42 HPs)
             Began as a Gnoll Transmuter on Dec 8, 2017.
             Was a Priest of Wu Jian.
             Demolished by an ice devil (20 damage)
             ... summoned by a deep elf mage
             ... in the Dungeon (Sprint VII: "The Pits").
             The game lasted 00:03:44 (213 turns).

pasperui the Insei (Gnoll Transmuter)                Turns: 213, Time: 00:03:49

Health: -14/42     AC:  2    Str: 13    XL:     5   Next: 5%
Magic:  13/13      EV: 16    Int: 15    God:    Wu Jian [***...]
Gold:   0          SH:  0    Dex: 16    Spells: 14/15 levels left

rFire    . . .     SeeInvis .     - Unarmed
rCold    . . .     Gourm    .   (no shield)
rNeg     . . .     Faith    .   b - +0 robe
rPois    .         Spirit   .   (no helmet)
rElec    .         Reflect  .   (no cloak)
rCorr    .         Harm     .   (no gloves)
MR       .....     NoTele   +   (boots currently unavailable)
Stlth    ++........             (no amulet)
HPRegen  0.14/turn              (no ring)
MPRegen  0.13/turn              (no ring)

@: exhausted, appendage (expiring)
A: distributed training, fangs 1, talons 3, strong nose
a: End Transformation, Serpent's Lash, Renounce Religion


You were in the Dungeon.
You worshipped Wu Jian.
Wu Jian was most pleased with you.
You were not hungry.
You had grown temporary talons.
You visited 1 branch

Inventory:

Hand Weapons
 q - a +2 long sword of holy wrath
Missiles
 a - 12 arrows
Armour
 b - a +0 robe (worn)
 r - a +3 ring mail
Scrolls
 j - a scroll of blinking
 l - 3 scrolls of remove curse
 m - 5 scrolls of amnesia
 n - a scroll of summoning
Potions
 e - 6 potions of curing
 f - 5 potions of heal wounds
 g - a potion of haste
 h - 4 potions of magic
 i - 3 potions of berserk rage
 k - 2 potions of invisibility
Books
 c - a book of Changes

   Spells                             Type                      Level
   a - Beastly Appendage              Transmutation                1
   b - Sticks to Snakes               Transmutation                2
   c - Spider Form                    Transmutation/Poison         3
   d - Ice Form                       Ice/Transmutation            4
   e - Blade Hands                    Transmutation                5
Comestibles
 d - 8 bread rations
 o - 40 fruits
 p - 7 meat rations
 s - 3 chunks of flesh


   Skills:
 + Level 4.1 Fighting
 + Level 3.1 Short Blades
 + Level 3.1 Long Blades
 + Level 3.1 Axes
 + Level 3.1 Maces & Flails
 + Level 3.1 Polearms
 + Level 3.1 Staves
 + Level 3.1 Slings
 + Level 3.1 Bows
 + Level 3.1 Crossbows
 + Level 3.1 Throwing
 + Level 3.1 Armour
 + Level 5.6 Dodging
 + Level 3.1 Stealth
 + Level 3.1 Shields
 + Level 7.3 Unarmed Combat
 + Level 5.9 Spellcasting
 + Level 2.5 Conjurations
 + Level 2.5 Hexes
 + Level 2.5 Charms
 + Level 2.5 Summonings
 + Level 2.5 Necromancy
 + Level 2.5 Translocations
 + Level 4.6 Transmutations
 + Level 2.5 Fire Magic
 + Level 2.5 Ice Magic
 + Level 2.5 Air Magic
 + Level 2.5 Earth Magic
 + Level 2.5 Poison Magic
 + Level 3.4 Invocations
 + Level 3.1 Evocations


You had 14 spell levels left.
You knew the following spells:

 Your Spells              Type           Power        Failure   Level  Hunger
a - Beastly Appendage     Tmut           ###...       2%          1    None


Dungeon Overview and Level Annotations

Branches:
Dungeon (1/1)

Altars:
Ashenzari
Cheibriados
Dithmenos
Elyvilon
Fedhas
Gozag
Hepliaklqana
Kikubaaqudgha
Makhleb
Nemelex Xobeh
Okawaru
Qazlal
Ru
Sif Muna
Trog
Uskayaw
Vehumet
Wu Jian
Xom
Yredelemnul
Zin
The Shining One
Beogh
Jiyva
Lugonu


Innate Abilities, Weirdness & Mutations

Your experience applies equally to all skills.
You have very sharp teeth.
Your uncanny sense of smell can sniff out nearby items.
You have claws for feet.


Message History

The deep elf mage is heavily wounded.
Unknown command.
You feel much better.
The deep elf mage casts a spell.
Unknown command.
You hit the deep elf mage but do no damage.
Your kick misses the deep elf mage. Your punch misses the deep elf mage.
The deep elf mage is heavily wounded.
The deep elf mage misses you.
You hit the deep elf mage.
You bite the deep elf mage, but do no damage.
The deep elf mage is severely wounded.
The deep elf mage completely misses you.
You barely miss the deep elf mage. Your kick misses the deep elf mage.
The deep elf mage is severely wounded.
Your transformation is almost over.
The ice devil hits you!
* * * LOW HITPOINT WARNING * * *
The ice devil freezes you!!
You die...

#.#..########...<...
#.#..'.))).##.......
#.#..#.)).[##.......
#'###########.......
#.......# ########
#.###...# #)#.....#
∆∆∆∆ #)#4..# ∆∆
#..@e.# ∆∆ #...###
∆∆ #..... #######


You could see an ice devil and a deep elf mage.

Vanquished Creatures
  A bullfrog (D)
  An orc priest (D)
  An adder (D)
  2 oozes (D)
  3 orcs (D)
  A bat zombie (D)
  A giant cockroach (D)
  A ball python (D)
  A ball python skeleton (D)
  A frilled lizard (D)
  A kobold (D)
  A rat (D)
15 creatures vanquished.

Notes
Turn   | Place    | Note
-------+----------+-------------------------------------------
     0 | D        | pasperui the Gnoll Transmuter began the quest for the Orb.
     0 | D        | Reached XP level 1. HP: 17/17 MP: 6/6
    13 | D        | Reached skill level 5 in Spellcasting
    13 | D        | Reached skill level 1 in Invocations
    41 | D        | Found a bloodstained altar of Trog.
    41 | D        | Found a deep blue altar of Sif Muna.
    41 | D        | Found a viscous altar of Jiyva.
    41 | D        | Found a hazy altar of Hepliaklqana.
    41 | D        | Found an opulent altar of Gozag.
    42 | D        | Found a glowing golden altar of the Shining One.
    42 | D        | Found a glowing silver altar of Zin.
    42 | D        | Found a basalt altar of Yredelemnul.
    42 | D        | Found a shimmering altar of Xom.
    42 | D        | Found an ornate altar of the Wu Jian Council.
    42 | D        | Found a sacrificial altar of Ru.
    42 | D        | Found a stormy altar of Qazlal.
    42 | D        | Found an iron altar of Okawaru.
    42 | D        | Found a sparkling altar of Nemelex Xobeh.
    42 | D        | Found a burning altar of Makhleb.
    42 | D        | Found a blossoming altar of Fedhas.
    42 | D        | Found a white marble altar of Elyvilon.
    42 | D        | Found a shadowy altar of Dithmenos.
    42 | D        | Found a snail-covered altar of Cheibriados.
    43 | D        | Found a radiant altar of Vehumet.
    43 | D        | Found a corrupted altar of Lugonu.
    43 | D        | Found a roughly hewn altar of Beogh.
    44 | D        | Found a hide-covered altar of Uskayaw.
    44 | D        | Found an ancient bone altar of Kikubaaqudgha.
    44 | D        | Found a shattered altar of Ashenzari.
    58 | D        | Became a worshipper of the Wu Jian Council
    77 | D        | Reached skill level 1 in Short Blades
    77 | D        | Reached skill level 1 in Long Blades
    77 | D        | Reached skill level 1 in Axes
    77 | D        | Reached skill level 1 in Maces & Flails
    77 | D        | Reached skill level 1 in Polearms
    77 | D        | Reached skill level 1 in Staves
    77 | D        | Reached skill level 1 in Slings
    77 | D        | Reached skill level 1 in Bows
    77 | D        | Reached skill level 1 in Crossbows
    77 | D        | Reached skill level 1 in Throwing
    77 | D        | Reached skill level 1 in Armour
    77 | D        | Reached skill level 1 in Stealth
    77 | D        | Reached skill level 1 in Shields
    77 | D        | Reached skill level 1 in Evocations
    86 | D        | Reached * piety under Wu Jian
    86 | D        | Reached skill level 1 in Conjurations
    86 | D        | Reached skill level 1 in Hexes
    86 | D        | Reached skill level 1 in Charms
    86 | D        | Reached skill level 1 in Summonings
    86 | D        | Reached skill level 1 in Necromancy
    86 | D        | Reached skill level 1 in Translocations
    86 | D        | Reached skill level 1 in Fire Magic
    86 | D        | Reached skill level 1 in Ice Magic
    86 | D        | Reached skill level 1 in Air Magic
    86 | D        | Reached skill level 1 in Earth Magic
    86 | D        | Reached skill level 1 in Poison Magic
    86 | D        | Reached XP level 2. HP: 23/23 MP: 6/8
   102 | D        | Reached ** piety under Wu Jian
   106 | D        | Reached XP level 3. HP: 22/29 MP: 7/9
   163 | D        | Noticed a bullfrog
   172 | D        | Reached *** piety under Wu Jian
   175 | D        | Killed a bullfrog
   175 | D        | Reached skill level 5 in Dodging
   175 | D        | Reached skill level 7 in Unarmed Combat
   175 | D        | Reached XP level 4. HP: 15/37 MP: 8/11
   181 | D        | Reached **** piety under Wu Jian
   181 | D        | Reached XP level 5. HP: 12/42 MP: 10/13
   191 | D        | Noticed a deep elf mage
   211 | D        | Noticed an ice devil
   213 | D        | Demolished by an ice devil

Vault maps used:
D:        pitsprint

Skill      XL: |  1  2  3  4 |
---------------+-------------+-----
Spellcasting   | 5 |  5.9
Invocations    | 1 3 |  3.4
Short Blades   | 1 2 3 |  3.1
Long Blades    | 1 2 3 |  3.1
Axes           | 1 2 3 |  3.1
Maces & Flails | 1 2 3 |  3.1
Polearms       | 1 2 3 |  3.1
Staves         | 1 2 3 |  3.1
Slings         | 1 2 3 |  3.1
Bows           | 1 2 3 |  3.1
Crossbows      | 1 2 3 |  3.1
Throwing       | 1 2 3 |  3.1
Armour         | 1 2 3 |  3.1
Stealth        | 1 2 3 |  3.1
Shields        | 1 2 3 |  3.1
Evocations     | 1 2 3 |  3.1
Conjurations   | 1 2 |  2.5
Hexes          | 1 2 |  2.5
Charms         | 1 2 |  2.5
Summonings     | 1 2 |  2.5
Necromancy     | 1 2 |  2.5
Translocations | 1 2 |  2.5
Fire Magic     | 1 2 |  2.5
Ice Magic      | 1 2 |  2.5
Air Magic      | 1 2 |  2.5
Earth Magic    | 1 2 |  2.5
Poison Magic   | 1 2 |  2.5
Fighting       | 3 4 |  4.1
Transmutations | 4 |  4.6
Dodging        | 5 |  5.6
Unarmed Combat | 7 |  7.3

Action                   |  1- 3 |  4- 6 || total
-------------------------+-------+-------++-------
Melee: Unarmed           |    27 |    17 ||    44
       Kick              |     6 |     4 ||    10
       Bite              |     2 |     2 ||     4
       Headbutt          |     1 |       ||     1
 Cast: Beastly Appendage |     6 |     1 ||     7
Invok: Serpent's Lash    |       |     1 ||     1
  Use: Potion            |       |     1 ||     1
 Stab: Sleeping          |     2 |       ||     2
Armor: Robe              |     2 |     1 ||     3
Dodge: Dodged            |    12 |     5 ||    17

Table legend:
 A = Spawn XP
 B = Non-spawn XP
 C = Spawn XP percentage of total XP
 D = Spawn monster count
 E = Non-spawn monster count
 F = Spawn count percentage of total count
 G = Total turns spent on level
                    A         B        C        D         E        F      G
               +---------+---------+-------+---------+---------+-------+---------
         Total |       0 |     174 |   0.0 |       0 |      15 |   0.0 |   213
               +---------+---------+-------+---------+---------+-------+---------
             D |       0 |     174 |   0.0 |       0 |      15 |   0.0 |   213
               +---------+---------+-------+---------+---------+-------+---------
